 Dungeon Crawl Stone Soup version 0.30-a0-718-geaa24f58ff (webtiles) character file.

Game seed: 6563773356321643824

481 Absynth the Vexing (level 6, -1/33 HPs)
             Began as a Deep Elf Hexslinger on Jan 25, 2023.
             Was an Initiate of Kikubaaqudgha.
             Killed by divine providence
             ... invoked by an orc priest
              (12 damage)
             ... on level 6 of the Dungeon.
             The game lasted 00:16:29 (4889 turns).

Absynth the Vexing (Deep Elf Hexslinger)            Turns: 4889, Time: 00:16:30

Health: -1/33      AC:  3    Str:  7    XL:     6   Next: 87%
Magic:  13/22      EV: 18    Int: 18    God:    Kikubaaqudgha [......]
Gold:   287        SH:  0    Dex: 17    Spells: 1/12 levels left

rFire   . . .      SeeInvis .    a - +1 sling
rCold   . . .      Faith    .    (no shield)
rNeg    . . .      Spirit   .    c - +0 robe
rPois   .          Reflect  .    (no helmet)
rElec   .          Harm     .    (no cloak)
rCorr   .          Rampage  .    (no gloves)
Will    .....                    d - +0 pair of boots
Stlth   ++                       (no amulet)
HPRegen 0.25/turn                p - ring of magical power
MPRegen 0.18/turn                y - +5 ring of evasion

@: portalling projectiles
A: no striking features
a: Renounce Religion


You were on level 6 of the Dungeon.
You worshipped Kikubaaqudgha.
Kikubaaqudgha was noncommittal.
You visited 2 branches of the dungeon, and saw 7 of its levels.

You collected 287 gold pieces.

Inventory:

Hand Weapons
 a - a +1 sling (weapon)
 b - a +2 dagger of electrocution
Armour
 c - a +0 robe (worn)
 d - a +0 pair of boots (worn)
Magical Staves
 n - a staff of death
Jewellery
 o - an amulet of guardian spirit
 p - a ring of magical power (left hand)
 y - a +5 ring of evasion (right hand)
Wands
 v - a wand of polymorph (6)
 x - a wand of flame (18)
Scrolls
 f - a scroll of acquirement {unknown}
 g - 4 scrolls of poison
 i - 6 scrolls of identify {unknown}
 k - a scroll of fear
 m - 3 scrolls of fog
 r - 2 scrolls of enchant armour {unknown}
 s - a scroll of blinking
 w - a scroll of vulnerability {unknown}
Potions
 e - a potion of haste {unknown}
 h - 3 potions of mutation {unknown}
 j - a potion of invisibility {unknown}
 l - a potion of cancellation {unknown}
 q - a potion of magic {unknown}
 t - 2 potions of ambrosia {unknown}
 u - a potion of berserk rage {unknown}
 z - a potion of attraction {unknown}
 A - a potion of might {unknown}
 B - a potion of heal wounds {unknown}


   Skills:
 - Level 0.7 Fighting
 * Level 5.4 Ranged Weapons
 - Level 3.1 Dodging
 + Level 3.6 Spellcasting
 + Level 5.5 Hexes
 * Level 2.8 Translocations
 * Level 3.4 Fire Magic


You had one spell level left.
You knew the following spells:

 Your Spells              Type           Power      Damage    Failure   Level
c - Cause Fear            Hex            11%        N/A       16%         4
i - Inner Flame           Hex/Fire       19%        N/A       8%          3
s - Slow                  Hex            92%        N/A       1%          1
z - Portal Projectile     Hex/Tloc       36%        N/A       9%          3

Your spell library contained the following spells:

 Spells                   Type           Power      Damage    Failure   Level
 Apportation              Tloc           26%        N/A       4%          1
 Lesser Beckoning         Tloc           26%        N/A       7%          2
 Gell's Gravitas          Tloc           13%        N/A       14%         3
 Teleport Other           Tloc           13%        N/A       14%         3
 Alistair's Intoxication  Tmut/Pois      2%         N/A       99%         5
 Blade Hands              Tmut           1%         N/A       99%         5
 Irradiate                Conj/Tmut      1%         3d12      99%         5
 Dragon Form              Tmut           1%         N/A       100%        7


Dungeon Overview and Level Annotations

Branches:
Dungeon (6/15)             Temple (1/1) D:5

Altars:
Ashenzari
Cheibriados
Fedhas
Hepliaklqana
Kikubaaqudgha
Makhleb
Nemelex Xobeh
Okawaru
Qazlal
Sif Muna
Trog
Vehumet
Wu Jian

Shops:
D:3 *


Message History

Fire: a) +1 sling
Press: ? - help, Q - select action, (/) - cycle Shift-Dir - straight line, f/p - steam dragon
Aim: a steam dragon (lightly wounded, slow, 64% to hit)
You magically shoot a sling bullet.
The sling bullet hits the steam dragon.
The steam dragon is moderately wounded.
An orc comes into view. It is wielding a +0 club.
Fire: a) +1 sling
Press: ? - help, Q - select action, (/) - cycle Shift-Dir - straight line, f/p - steam dragon
Aim: a steam dragon (moderately wounded, slow, 64% to hit)
You magically shoot a sling bullet.
The sling bullet hits the steam dragon!
The steam dragon is heavily wounded.
The orc closely misses you.
Fire: a) +1 sling
Press: ? - help, Q - select action, (/) - cycle Shift-Dir - straight line, f/p - steam dragon
Aim: a steam dragon (heavily wounded, slow, 64% to hit)
You magically shoot a sling bullet.
The sling bullet barely misses the steam dragon.
The orc misses you.
Fire: a) +1 sling
Press: ? - help, Q - select action, (/) - cycle Shift-Dir - straight line, f/p - steam dragon
Aim: a steam dragon (heavily wounded, slow, 64% to hit)
You magically shoot a sling bullet.
The sling bullet hits the steam dragon.
The steam dragon is severely wounded.
The orc hits you with a +0 mace.
The orc priest invokes the aid of Beogh against you.
Beogh smites you!
* * * LOW HITPOINT WARNING * * *
The orc misses you.
Fire: a) +1 sling
Press: ? - help, Q - select action, (/) - cycle Shift-Dir - straight line, f/p - steam dragon
Aim: a steam dragon (severely wounded, slow, 64% to hit)
You magically shoot a sling bullet.
The sling bullet hits the steam dragon but does no damage.
The steam dragon is severely wounded.
The orc hits you with a +0 mace.
* * * LOW HITPOINT WARNING * * *
The orc priest mumbles some strange prayers to Beogh against you.
Beogh smites you!
You die...
Kikubaaqudgha rasps: "You have failed me!
Welcome... death!" .... h. .... #.. ~ .~## h.# .# ~ . oo#

⌠.# .⌠ ..#..
#.. ..o###≈
≈≈##
######.....~S
≈≈
#@oohoD..:.~≈
#######..###≈
#... ⌠.# #


You could see a steam dragon (slow), a hound, an orc priest and 2 orcs.

Vanquished Creatures
  An ice beast (D:5)
  A necrophage (D:4)
  2 scorpions
  A hound (D:5)
  2 orc priests
  4 adders
  A worm (D:2)
  4 dart slugs
  11 orcs
  2 ball pythons (D:1)
  5 bats
  4 endoplasms (D:1)
  2 giant cockroaches
  8 goblins
  7 hobgoblins
  2 jackals (D:3)
  7 kobolds
  2 quokkas
  A frilled lizard (D:2)
  4 rats
71 creatures vanquished.

Vanquished Creatures (others)
  An orc (D:6)
1 creature vanquished.

Grand Total: 72 creatures vanquished

Notes
Turn   | Place    | Note
-------+----------+-------------------------------------------
     0 | D:1      | Absynth the Deep Elf Hexslinger began the quest for the
                  | Orb.
     0 | D:1      | Reached XP level 1. HP: 11/11 MP: 5/5
    73 | D:1      | Reached XP level 2. HP: 16/16 MP: 6/6
   356 | D:1      | Reached XP level 3. HP: 20/20 MP: 8/8
   531 | D:1      | Learned a level 3 spell: Inner Flame
   797 | D:2      | Reached skill level 1 in Fire Magic
  1338 | D:3      | Reached XP level 4. HP: 24/24 MP: 9/9
  1339 | D:3      | Found Towa Qus's General Store.
  1366 | D:3      | Found an ancient bone altar of Kikubaaqudgha.
  1677 | D:3      | Found an iron altar of Okawaru.
  1677 | D:3      | Found a stormy altar of Qazlal.
  2049 | D:3      | Found a faded altar of an unknown god.
  2209 | D:3      | Learned a level 3 spell: Portal Projectile
  2332 | D:4      | Noticed a scorpion
  2337 | D:4      | Killed a scorpion
  2338 | D:4      | Reached skill level 5 in Hexes
  2338 | D:4      | Reached skill level 1 in Translocations
  2338 | D:4      | Reached XP level 5. HP: 28/28 MP: 11/11
  2937 | D:4      | Found a snail-covered altar of Cheibriados.
  3194 | D:5      | Entered Level 5 of the Dungeon
  3218 | D:5      | Reached XP level 6. HP: 28/33 MP: 12/12
  3449 | D:5      | Found a staircase to the Ecumenical Temple.
  3481 | Temple   | Entered the Ecumenical Temple
  3775 | D:3      | Became a worshipper of Kikubaaqudgha
  3887 | D:5      | Learned a level 4 spell: Cause Fear
  4182 | D:5      | Reached skill level 5 in Ranged Weapons
  4245 | D:5      | Noticed an ice beast
  4284 | D:5      | Killed an ice beast
  4810 | D:6      | Noticed an ice beast
  4873 | D:6      | Noticed a steam dragon
  4889 | D:6      | Killed from afar by an orc priest

Illustrated notes

Levels and vault maps discovered:
D:1:      amcnicky_arrival_double_pillar, layout_rooms
D:2:      layout_rooms
D:3:      layout_loops_ring, gammafunk_temple_overflow_wave,
          overflow_temple_1_default, serial_shops, shop,
          shapermc_ecumenical_altar_mp_highgroup
D:4:      layout_layer_cave, mainiacjoe_overflow_surrounded_room,
          hangedman_decor_push
D:5:      layout_basic, minmay_temple_entry_ruins
D:6:      layout_basic, fountainhead, st_stairs_3,
          ebering_dispersal_statue_hall, small_statue_alley_b,
          amcnicky_mini_rare_corridor_liquid
Temple:   hellmonk_temple_forest_ring

Skill      XL: |  1  2  3  4  5  6 |
---------------+-------------------+-----
Ranged Weapons | 3 4 5 |  5.4
Spellcasting   | 2 3 |  3.6
Dodging        | 3 |  3.1
Fire Magic     | 1 2 3 |  3.4
Hexes          | 5 |  5.5
Translocations | 1 2 |  2.8
Fighting       | |  0.7

Action                     |  1- 3 |  4- 6 || total
---------------------------+-------+-------++-------
   Fire: Sling             |   134 |   180 ||   314
   Cast: Slow              |     9 |    30 ||    39
         Inner Flame       |       |     6 ||     6
         Portal Projectile |       |     2 ||     2
    Use: Scroll            |     6 |       ||     6
 Armour: Robe              |    13 |    15 ||    28
  Dodge: Dodged            |    21 |    64 ||    85

Table legend: (Time is in decaauts)
 A = Elapsed time spent in this place.
 B = Non-inter-level travel time spent in this place.
 C = Inter-level travel time spent in this place.
 D = Time resting spent in this place.
 E = Time spent auto-exploring this place.
 F = Levels seen in this place.
 G = Mean time per level.
                   A        B        C        D        E       F      G
               +--------+--------+--------+--------+--------+-----+--------+
         Total |   4952 |   4480 |    472 |    529 |   3017 |   7 |  707.4 |
       Dungeon |   4802 |   4338 |    464 |    529 |   2896 |   6 |  800.3 |
        Temple |    149 |    141 |      8 |      0 |    121 |   1 |  149.0 |
               +--------+--------+--------+--------+--------+-----+--------+

Top non-repeatable levels by time:
     D:4: 1210 daAuts
     D:5: 1187 daAuts
     D:3: 1141 daAuts
     D:2: 627 daAuts
     D:1: 573 daAuts
  Temple: 149 daAuts
     D:6: 62 daAuts
